 Dungeon Crawl Stone Soup version 0.18.1-50-g88ac8fd (webtiles) character file.

1141 Peloso the Skirmisher (level 8, -1/68 HPs)
             Began as a Ghoul Fighter on Oct 29, 2016.
             Slain by a gnoll
             ... wielding a +0 halberd
              (9 damage)
             ... on level 3 of the Dungeon.
             The game lasted 00:18:28 (4385 turns).

Peloso the Skirmisher (Ghoul Fighter)               Turns: 4385, Time: 00:18:28

Health: -1/68      AC: 12    Str: 20    XL:     8   Next: 37%
Magic:  7/7        EV:  5    Int:  3    God:
Gold:   188        SH: 10    Dex: 13    Spells: 0 memorised, 7 levels left

rFire  . . .     SeeInvis .     a - +0 long sword
rCold  + . .     Gourm    .     n - +0 plate armour
rNeg   + + +     Faith    .     c - +0 shield
rPois  ∞         Spirit   .     (no helmet)
rElec  .         Dismiss  .     (no cloak)
rCorr  .         Reflect  .     (no gloves)
SustAt .         Harm     .     (no boots)
MR     .....                    (no amulet)
Stlth  ..........               q - ring of flight
                                m - +3 ring of dexterity

@: rotting, not resistant to hostile enchantments, extremely unstealthy
A: rotting body, claws 1, carnivore 3, cold resistance 1, negative energy
resistance 3, slow regeneration 1, torment resistance, unbreathing
a: Evoke Flight


You were on level 3 of the Dungeon.
You were not hungry.

You visited 1 branch of the dungeon, and saw 3 of its levels.
You also visited: Sewer.

You collected 188 gold pieces.

Inventory:

Hand Weapons
 a - a +0 long sword (weapon)
 h - a +1 spear of venom
Armour
 c - a +0 shield (worn)
 n - a +0 plate armour (worn)
Jewellery
 i - an uncursed amulet of rage
 k - an uncursed amulet of dismissal
 m - a +3 ring of dexterity (left claw)
 q - a ring of flight (right claw)
 t - an uncursed ring of poison resistance
Scrolls
 p - a scroll of amnesia {unknown}
 s - 2 scrolls of teleportation {unknown}
 u - 2 scrolls of blinking {unknown}
Potions
 d - 2 potions of might
 e - 3 potions of haste
 j - a potion of cancellation
 l - a potion of brilliance
 o - 3 potions of curing
 r - 2 potions of heal wounds
 v - a potion of invisibility {unknown}
 w - a potion of degeneration {unknown}
Comestibles
 b - 9 chunks of flesh
 f - 5 meat rations


   Skills:
 + Level 5.3 Fighting
 + Level 3.9 Long Blades
 + Level 4.9 Armour
 + Level 3.3 Dodging
 + Level 0.5 Stealth
 + Level 5.3 Shields


You had 7 spell levels left.
You didn't know any spells.

Dungeon Overview and Level Annotations

Branches:
Dungeon (3/15)

Altars:
Cheibriados
Dithmenos
Sif Muna
Zin


Innate Abilities, Weirdness & Mutations

Your body is rotting away.
You thrive on raw meat.
You are immune to poison.
You have sharp fingernails.
You are carnivorous and can eat meat at any time.
Your flesh is cold resistant.
You are immune to negative energy.
You regenerate slowly when monsters are visible.
You are immune to unholy pain and torment.
You can survive without breathing.


Message History

Things that are here:
a club; a glowing robe; a whip You hit the gnoll.
The gnoll is moderately wounded.
You block the gnoll's attack.
You slash the gnoll!
You kill the gnoll!
Your plate armour prevents you from hitting the gnoll.
You block the gnoll's attack. The gnoll hits you but does no damage.
You block the gnoll's attack.
Your shield and plate armour prevent you from hitting the gnoll.
The gnoll hits you from afar with a halberd!
* * * LOW HITPOINT WARNING * * *
The gnoll hits you but does no damage.
Your plate armour prevents you from hitting the gnoll.
The gnoll hits you from afar with a halberd.
* * * LOW HITPOINT WARNING * * *
The gnoll hits you but does no damage.
The gnoll hits you from afar with a halberd!
You die...

#....≈≈#...#'################
#....≈≈###'#....'........#
#....≈≈≈.#.#...)###'######
#....≈≈≈.#.#....# ..g
#....≈≈≈.#.###)## ....g
#....≈≈≈.#g.....# ..gg...
#.P..≈≈≈.#g.....# .....O.
#....≈≈≈.#g##################
#....≈≈≈.#.#@....).....#....#
#....≈≈≈.#gg.....).....'....'
#....≈≈###'#...........#....#
#...P≈≈#...#############''''#
#....≈≈#..(#.................
#....≈≈#####≈≈≈≈≈≈≈≈≈≈≈≈....≈
#....≈≈≈≈≈≈≈≈≈≈≈≈≈≈≈≈≈≈≈....≈
#P...≈≈≈≈≈≈≈≈≈≈≈≈≈≈≈≈≈≈≈....≈
#................)).)........


You could see 2 gnolls.

Vanquished Creatures
  The ghost of zigs the Sneak, an amateur OpAs (D:3)
  An ogre (D:3)
  3 big kobolds (Sewer)
  An orc priest (D:3)
  3 gnoll shamans (D:3)
  An orc wizard (D:3)
  A giant frog skeleton (D:3)
  27 gnolls
  11 adders
  3 river rats (Sewer)
  3 oozes (Sewer)
  7 worms
  3 dart slugs (D:1)
  3 giant geckos
  3 orcs (D:3)
  8 bats
  6 giant cockroaches
  11 goblins
  5 hobgoblins
  20 jackals
  A quokka (D:3)
  7 ball pythons
  2 giant newts
  14 kobolds
  14 rats
159 creatures vanquished.

Notes
Turn   | Place    | Note
--------------------------------------------------------------
     0 | D:1      | Peloso the Ghoul Fighter began the quest for the Orb.
     0 | D:1      | Reached XP level 1. HP: 19/19 MP: 0/0
    60 | D:1      | Reached XP level 2. HP: 21/26 MP: 1/1
   305 | D:1      | Reached XP level 3. HP: 28/31 MP: 2/2
   699 | D:2      | Found a glowing silver altar of Zin.
   951 | D:2      | Reached skill level 1 in Dodging
   951 | D:2      | Reached XP level 4. HP: 40/40 MP: 3/3
   960 | D:2      | Found a snail-covered altar of Cheibriados.
   963 | D:2      | Found a shadowy altar of Dithmenos.
  1008 | D:2      | Found a deep blue altar of Sif Muna.
  1642 | D:3      | Found a glowing drain.
  1713 | D:3      | Reached XP level 5. HP: 20/45 MP: 4/4
  1743 | Sewer    | Entered a sewer
  1761 | Sewer    | Noticed a big kobold
  1782 | Sewer    | Killed a big kobold
  1984 | Sewer    | Noticed a big kobold
  2010 | Sewer    | Killed a big kobold
  2010 | Sewer    | Reached XP level 6. HP: 43/53 MP: 5/5
  2618 | Sewer    | Reached XP level 7. HP: 30/60 MP: 6/6
  2781 | D:3      | Noticed zigs's ghost (amateur OpAs)
  3036 | D:3      | Killed zigs's ghost
  3571 | D:3      | Reached skill level 5 in Fighting
  3905 | D:3      | Reached skill level 5 in Shields
  4130 | D:3      | Reached XP level 8. HP: 68/68 MP: 7/7
  4385 | D:3      | Slain by a gnoll

Skill      XL: |  1  2  3  4  5  6  7 |
---------------+----------------------+-----
Shields        | 3 4 5 |  5.3
Long Blades    | 2 3 |  3.9
Armour         | 3 4 |  4.9
Dodging        | 1 2 3 |  3.3
Fighting       | 4 5 |  5.3
Stealth        | |  0.5

Action                   |  1- 3 |  4- 6 |  7- 9 || total
-------------------------+-------+-------+-------++-------
Melee: Long sword        |   125 |   292 |   379 ||   796
  Use: Scroll            |     3 |       |     3 ||     6
 Stab: Held in net/web   |       |       |     2 ||     2
  Eat: Chunk             |     2 |    10 |    23 ||    35
Armor: Scale mail        |    61 |   121 |    74 ||   256
       Plate armour      |       |       |   143 ||   143
Dodge: Dodged            |    43 |   110 |   138 ||   291
Block: Shield            |    81 |   166 |   251 ||   498
